 Dungeon Crawl Stone Soup version 0.28.0-53-g5a82cb258f (webtiles) character file.

Game seed: 7648301101392971851

3201 bnorton916 the Destroyer (level 9, 0/45 HPs)
             Began as a Deep Elf Fire Elementalist on June 17, 2022.
             Was an Initiate of Gozag.
             Killed from afar by an acid dragon (26 damage)
             ... with a splash of acid
             ... on level 8 of the Dungeon.
             The game lasted 00:15:08 (14515 turns).

bnorton916 the Destroyer (DEFE)                    Turns: 14515, Time: 00:15:08

Health: 0/45       AC:  4    Str:  7    XL:     9   Next: 65%
Magic:  25/30      EV: 27    Int: 29    God:    Gozag
Gold:   799        SH:  0    Dex: 15    Spells: 9/22 levels left

rFire   . . .      SeeInvis .   o - staff of conjuration
rCold   . . .      Faith    .   (no shield)
rNeg    . . .      Spirit   .   y - +1 leather armour {rPois}
rPois   +          Reflect  .   (no helmet)
rElec   .          Harm     .   (no cloak)
rCorr   .          Rampage  .   A - +0 pair of gloves
Will    .....                   k - +2 pair of boots
Stlth   ++........              f - amulet of the acrobat
HPRegen 0.15/turn               g - ring of magical power
MPRegen 0.22/turn               p - +6 ring of intelligence

@: corroded, acrobatic
A: no striking features
a: Renounce Religion, Potion Petition, Call Merchant, Bribe Branch


You were on level 8 of the Dungeon.
You worshipped Gozag.
Gozag was pleased with you.
You visited 2 branches of the dungeon, and saw 9 of its levels.

You collected 1109 gold pieces.
You spent 290 gold pieces at shops.
You paid 20 gold pieces to Gozag.

Inventory:

Hand Weapons
 w - a +3 dagger
Missiles
 c - 286 stones
 q - 5 boomerangs
 r - 16 sling bullets
Armour
 k - a +2 pair of boots (worn)
 y - a +1 leather armour of poison resistance (worn)
 A - a +0 pair of gloves (worn)
Magical Staves
 m - a staff of poison
 o - a staff of conjuration (weapon)
Jewellery
 f - an amulet of the acrobat (around neck)
 g - a ring of magical power (left hand)
 p - a +6 ring of intelligence (right hand)
Wands
 n - a wand of paralysis (16)
 t - a wand of iceblast (8)
Scrolls
 a - a scroll of enchant armour
 i - a scroll of vulnerability
 j - a scroll of magic mapping
 l - a scroll of teleportation
 x - a scroll of amnesia
 z - a scroll of brand weapon
Potions
 b - a potion of lignification
 d - 5 potions of curing
 e - a potion of invisibility
 h - a potion of might
 s - a potion of degeneration
 u - a potion of flight {unknown}
 v - 2 potions of heal wounds
 B - 2 potions of haste {unknown}


   Skills:
 - Level 4.0 Armour
 + Level 3.5 Dodging
 - Level 2.4 Stealth
 - Level 7.0 Spellcasting
 + Level 9.0 Conjurations
 - Level 8.2 Fire Magic
 + Level 4.6 Earth Magic


You had 9 spell levels left.
You knew the following spells:

 Your Spells              Type           Power      Damage    Failure   Level
a - Foxfire               Conj/Fire      100%       2x1d9     1%          1
b - Scorch                Fire           100%       2d10      1%          2
c - Conjure Flame         Conj/Fire      74%        6-21      1%          3
d - Flame Wave            Conj/Fire      74%        2d13      2%          4
e - Stone Arrow           Conj/Erth      100%       3d13      1%          3

Your spell library contained the following spells:

 Spells                   Type           Power      Damage    Failure   Level
 Inner Flame              Hex/Fire       33%        N/A       4%          3
 Slow                     Hex            40%        N/A       8%          1
 Sublimation of Blood     Necr           10%        N/A       11%         2
 Confusing Touch          Hex            10%        N/A       22%         3
 Gell's Gravitas          Tloc           10%        N/A       22%         3
 Lesser Beckoning         Tloc           10%        N/A       22%         3
 Teleport Other           Tloc           10%        N/A       22%         3
 Vampiric Draining        Necr           10%        2d6       22%         3
 Animate Armour           Summ/Erth      46%        N/A       28%         4
 Petrify                  Tmut/Erth      23%        N/A       28%         4
 Irradiate                Conj/Tmut      26%        3d22      32%         5
 Lehudib's Crystal Spear  Conj/Erth      32%        10d8      100%        8


Dungeon Overview and Level Annotations

Branches:
Dungeon (8/15)             Temple (1/1) D:6
   Lair: D:8-11

Altars:
Ashenzari
Dithmenos
Elyvilon
Gozag
Okawaru
Qazlal
Trog
Xom
Zin

Shops:
D:7 *   D:8 [

Annotations:
D:3 2 transporters, Gus979's ghost, amateur HuNe
D:7 Maggie


Message History

Done waiting.
You now have 753 gold pieces (gained 29).
You see here 4 large rocks.
Found a stone staircase leading up.
You now have 768 gold pieces (gained 15).
Found a stone staircase leading down.
There is a stone staircase leading down here.
You now have 783 gold pieces (gained 15).
You now have 799 gold pieces (gained 16).
An acid dragon comes into view.
Found an ancient chain mail.
Casting: Stone Arrow (safe; 1% risk of failure)
Confirm with . or Enter, or press ? or * to list all spells.
You feel a surge of power!
You conjure some foxfire!
The acid dragon roars!
Casting: Foxfire (safe; 1% risk of failure)
Confirm with . or Enter, or press ? or * to list all spells.
You feel a surge of power!
You conjure some foxfire!
Your foxfire dissipates!
The foxfire hits the acid dragon.
The acid dragon is lightly wounded.
Casting: Foxfire (safe; 1% risk of failure)
Confirm with . or Enter, or press ? or * to list all spells.
Flames lash the acid dragon.
The acid dragon is moderately wounded.
The acid dragon's fire resistance burns away.
The foxfire hits the acid dragon but does no damage.
The acid dragon is moderately wounded.
The acid dragon completely misses you. x2
Casting: Scorch (safe; 1% risk of failure)
Confirm with . or Enter, or press ? or * to list all spells.
Flames lash the acid dragon.
The acid dragon is burned terribly!
The acid dragon is severely wounded.
The acid dragon spits acid at you. The splash of acid hits you!!
The acid corrodes you! The acid dragon spits acid at you.
The splash of acid hits you!!
Ouch! That really hurt!
You die...
Your body crumbles into a pile of gold.

#### # #.. ..
###.# .##
######...# ...#
#
...##.#.###...#
. ##.##.#......#
#
###.......@.##.#
# #.......###D#
# # #.#..#### .#
#####
#.#.#..######.#
#....
#.#.#.......v..
#.#..
#......######..
###...#
####.#...####
... ##......
#>..........+
..[ +.......
#.##.#...####
##......


You could see an acid dragon (catching breath, combustible).

Vanquished Creatures
  A cyclops (D:8)
  A wyvern (D:8)
  2 vampire mosquitoes (D:6)
  2 water moccasins
  An ice beast (D:6)
  A sky beast (D:7)
  A necrophage (D:6)
  3 black bears
  3 ogres
  3 centaurs
  A bullfrog (D:8)
  2 scorpions
  2 howler monkeys (D:7)
  A centaur zombie (D:7)
  3 bullfrog skeletons
  4 hounds
  2 jellies
  A centaur skeleton (D:7)
  A gnoll shaman (D:7)
  3 orc priests
  3 iguanas
  A scorpion zombie (D:5)
  4 orc wizards
  A hound skeleton (D:4)
  A howler monkey zombie (D:8)
  8 adders
  6 gnolls (D:7)
  A howler monkey skeleton (D:7)
  A white imp (D:7)
  An adder skeleton (D:4)
  6 worms
  2 dart slugs
  20 orcs
  7 ball pythons
  7 endoplasms
  3 giant cockroaches (D:4)
  5 goblins
  4 hobgoblins
  11 jackals
  7 kobolds
  2 quokkas
  2 bats
  3 frilled lizards
  8 rats
152 creatures vanquished.

Vanquished Creatures (others)
  633 foxfires
633 creatures vanquished.

Grand Total: 785 creatures vanquished

Notes
Turn   | Place    | Note
-------+----------+-------------------------------------------
     0 | D:1      | bnorton916 the Deep Elf Fire Elementalist began the quest
                  | for the Orb.
     0 | D:1      | Reached XP level 1. HP: 10/10 MP: 6/6
   645 | D:1      | Found a faded altar of an unknown god.
   760 | D:1      | Reached XP level 2. HP: 15/15 MP: 6/8
  1420 | D:2      | Reached skill level 2 in Conjurations
  1568 | D:2      | Reached XP level 3. HP: 19/19 MP: 2/10
  2560 | D:2      | Learned a level 2 spell: Scorch
  2564 | D:2      | Learned a level 3 spell: Conjure Flame
  2954 | D:2      | Reached XP level 4. HP: 24/24 MP: 9/12
  3901 | D:3      | Found a stormy altar of Qazlal.
  3902 | D:3      | Found an opulent altar of Gozag.
  3902 | D:3      | Found a shadowy altar of Dithmenos.
  3903 | D:3      | Found a bloodstained altar of Trog.
  3906 | D:3      | Found an iron altar of Okawaru.
  3910 | D:3      | Became a worshipper of Gozag Ym Sagoz the Greedy
  3966 | D:3      | Found a transporter.
  3978 | D:3      | Noticed Gus979's ghost (amateur HuNe)
  4055 | D:3      | Found a transporter.
  4189 | D:3      | Reached skill level 3 in Conjurations
  4312 | D:3      | Reached XP level 5. HP: 28/28 MP: 12/14
  5494 | D:4      | Reached skill level 5 in Spellcasting
  6450 | D:4      | Noticed an ogre
  6459 | D:4      | Killed an ogre
  6460 | D:4      | Reached skill level 5 in Fire Magic
  6460 | D:4      | Reached XP level 6. HP: 32/32 MP: 9/16
  6727 | D:4      | Learned a level 4 spell: Flame Wave
  6803 | D:4      | Reached skill level 4 in Conjurations
  7212 | D:5      | Entered Level 5 of the Dungeon
  7842 | D:5      | Reached XP level 7. HP: 31/36 MP: 17/18
  7864 | D:5      | Reached skill level 5 in Conjurations
  9145 | D:6      | Reached skill level 1 in Armour
  9618 | D:6      | Found a staircase to the Ecumenical Temple.
  9627 | Temple   | Entered the Ecumenical Temple
  9671 | D:6      | Reached XP level 8. HP: 41/41 MP: 20/20
  9682 | D:6      | Reached skill level 6 in Conjurations
 10085 | D:6      | Reached skill level 7 in Conjurations
 11453 | D:7      | Reached XP level 9. HP: 45/45 MP: 21/21
 12138 | D:7      | Learned a level 3 spell: Stone Arrow
 12175 | D:7      | Reached skill level 1 in Earth Magic
 12411 | D:7      | Found Acli's Assorted Antiques.
 12421 | D:7      | Bought a dyed leather armour for 160 gold pieces
 12679 | D:7      | Reached skill level 8 in Conjurations
 13136 | D:7      | Noticed Maggie
 13631 | D:8      | Found Loss's Antique Armour Emporium.
 13638 | D:8      | Bought a pair of gloves for 130 gold pieces
 14180 | D:8      | Noticed a cyclops
 14187 | D:8      | Killed a cyclops
 14188 | D:8      | Reached skill level 9 in Conjurations
 14515 | D:8      | Killed from afar by an acid dragon

Illustrated notes

Levels and vault maps discovered:
D:1:      ncdulo_smallfort, layout_loops_ring, shapermc_ecumenical_altar_gd,
          minmay_misc_feat_tower
D:2:      layout_loops_cross, patterned_corridor
D:3:      layout_basic, minitemple, gammafunk_ghost_stat_death
D:4:      layout_loops_corners, minivault_1
D:5:      layout_loops_corners, enter_ossuary_1
D:6:      layout_loops_ring, minmay_temple_entry_trees, supply_closet_lemuel
D:7:      layout_loops_ring, lemuel_coloured_pillars_altar, serial_shops, shop,
          grunt_ministairs_15, grunt_tough_drop, uniq_maggie
D:8:      layout_loops_corners, serial_shops, shop, kennysheep_little_box,
          kennysheep_generic_room_2
Temple:   zaba_magenta_temple

Skill      XL: |  1  2  3  4  5  6  7  8  9 |
---------------+----------------------------+-----
Conjurations   | 2 3 4 5 7 9 |  9.0
Spellcasting   | 4 5 6 7 |  7.0
Fire Magic     | 4 5 6 8 |  8.2
Armour         | 1 3 4 |  4.0
Earth Magic    | 4 |  4.6
Dodging        | 3 |  3.5
Stealth        | |  2.4

Action                   |  1- 3 |  4- 6 |  7- 9 || total
-------------------------+-------+-------+-------++-------
 Cast: Foxfire           |   136 |   135 |   110 ||   381
       Scorch            |       |    32 |    52 ||    84
       Conjure Flame     |       |     2 |     9 ||    11
       Stone Arrow       |       |       |     3 ||     3
       Flame Wave        |       |       |     2 ||     2
  Use: Scroll            |       |     9 |     7 ||    16
Armor: Robe              |       |     9 |    13 ||    22
       Leather armour    |       |       |     6 ||     6
Dodge: Dodged            |     8 |    41 |    98 ||   147
